 Dungeon Crawl Stone Soup version 0.30-a0-691-g754fce4c43 (webtiles) character file.

Game seed: 8638025254983885159

936 holysushi the Nimble (level 8, -1/59 HPs)
             Began as a Djinni Fire Elementalist on Jan 20, 2023.
             Was an Initiate of Gozag.
             Slain by Maggie
             ... wielding a +0 halberd of flaming
              (14 damage)
             ... on level 7 of the Dungeon.
             The game lasted 00:09:48 (4676 turns).

holysushi the Nimble (Djinni Fire Elementalist)     Turns: 4676, Time: 00:09:49

Health: -1/59      AC:  2    Str:  9 (11) XL:     8   Next: 33%
Gold:   167        EV: 15    Int: 16 (18) God:    Gozag SH:  0 Dex: 12 (13)

rFire   + + +      SeeInvis .    (no weapon)
rCold   . . .      Faith    .    (no shield)
rNeg    . . .      Spirit   .    a - +0 robe
rPois   ∞          Reflect  .    (no helmet)
rElec   +          Harm     .    (no cloak)
rCorr   .          Rampage  .    (no gloves)
Will    +....                    (boots unavailable)
Stlth   ++                       (no amulet)
HPRegen 0.29/turn                p - ring of Liberty {rElec rF+ rC+}
MPRegen 0.00/turn                m - ring of willpower

@: flying, mesmerised, very slightly contaminated
A: sickness immunity, fire resistance 2, cold vulnerability 1, float, innate
caster, HP casting, extra vitality 1, strong 1
a: Renounce Religion, Potion Petition, Call Merchant, Bribe Branch


You were on level 7 of the Dungeon.
You worshipped Gozag.
Gozag was aware of your devotion.
You visited 2 branches of the dungeon, and saw 7 of its levels.

You collected 239 gold pieces.
You paid 72 gold pieces to Gozag.

Inventory:

Armour
 a - a +0 robe (worn)
 n - a +0 tower shield
Jewellery
 m - a ring of willpower (right hand)
 p - the ring of Liberty (left hand) {rElec rF+ rC+}
   (You found it on level 3 of the Dungeon)

   [ring of protection from cold]

   rF:        It protects you from fire.
   rC:        It protects you from cold.
   rElec:     It insulates you from electricity.
Wands
 s - a wand of charming (8)
Scrolls
 d - a scroll of enchant armour
 i - a scroll of magic mapping
 k - 3 scrolls of identify
 o - 3 scrolls of teleportation {unknown}
 q - a scroll of noise {unknown}
 r - a scroll of fear {unknown}
Potions
 b - a potion of magic
 e - 3 potions of mutation
 u - a potion of might


   Skills:
 + Level 5.0 Fighting
 - Level 8.0 Dodging
 - Level 1.5 Stealth
 - Level 3.0 Spellcasting


You couldn't memorise any spells.
You knew the following spells:

 Your Spells              Type           Power      Damage    Failure   Level
a - Foxfire               Conj/Fire      48%        2x1d6     5%          1
b - Searing Ray           Conj           24%        2d5       9%          2
c - Kindle Blastsparks    Fire/Tloc/Air  24%        2d12      16%         3
d - Inner Flame           Hex/Fire       12%        N/A       16%         3
e - Flame Wave            Conj/Fire      12%        2d6       47%         4
f - Necrotise             Necr           48%        1d6       5%          1
g - Scorch                Fire           24%        2d6       9%          2
h - Call Canine Familiar  Summ           12%        N/A       16%         3
Your spell library was empty.

Dungeon Overview and Level Annotations

Branches:
Dungeon (5/15) Zot: 26663  Temple (1/1) D:5 Zot: 5982

Altars:
Ashenzari
Elyvilon
Gozag
Hepliaklqana
Qazlal
Uskayaw
Yredelemnul

Annotations:
D:7 Maggie


Innate Abilities, Weirdness & Mutations

You are immune to sickness and miasma.
You are immune to poison.
Your flesh is very heat resistant. (rF++)
You are vulnerable to cold. (rC-)
You float through the air rather than walking.
You learn spells naturally, not from books.
Your magical power is your life essence.
You have superior vitality. (+4 MHP)
Your muscles are strong. (Str +4, Int/Dex -1)


Message History

Casting: Scorch (safe; 9% risk of failure)
Confirm with . or Enter, or press ? or * to list all spells.
Flames lash Maggie.
Maggie is moderately wounded.
Maggie's fire resistance burns away.
Maggie hits you from afar with a +0 halberd of flaming!
Maggie burns you.
Casting: Scorch (safe; 9% risk of failure)
Confirm with . or Enter, or press ? or * to list all spells.
You miscast Foxfire.
You are very lightly contaminated with residual magic.
Nothing appears to happen.
Maggie barely misses you.
You cannot move away from Maggie!
As you read the scroll labelled HOFUCEI GIEBO, it crumbles to dust.
It is a scroll of identify.
d - a scroll of enchant armour Maggie is no longer more vulnerable to fire.
Maggie closely misses you.
As you read the scroll labelled DUCHEMPE CYDIE, it crumbles to dust.
Wisps of shadow whirl around you...
It was a scroll of summoning.
Maggie points at you and mumbles some strange words.
The bolt of fire hits you. You resist.
* * * LOW HITPOINT WARNING * * *
The cloud of blastsparks explodes!
The concussive blast engulfs you. You resist.
* * * LOW HITPOINT WARNING * * *
The concussive blast engulfs your white imp!!
Your white imp is burned terribly!
You kill your white imp!
Your white imp dissolves into shadows!
The concussive blast engulfs your wight!!
You destroy your wight!
Your wight dissolves into shadows!
As you read the scroll labelled KAIBBUERIDD, it crumbles to dust.
The scroll dissolves into smoke.
It was a scroll of fog.
Your centaur wields a +0 shortbow.
Your centaur shoots an arrow.
The arrow closely misses Maggie.
Maggie hits you from afar with a +0 halberd of flaming!
You die...
Your body crumbles into a pile of gold.

......................#
.#....######..##.####.#
...##.# #..##.# #.#
.####.# #..##.# #.#
......# #..##.# #.#
......# #..##.# #.#
.####.# #..##@####.#
,***#.# #..§§§§c...#
,,,,#.#****#.###@######
,,,,...,,....zz§§#
,,,,..#**######§§#
,,,,..# #..# ,,,,,,*
#..# ,,,,,,**** #..#
,,,,,,,,,*****#..#
,,,,,,,,,+,,,,...#
***,,,,,,******,,*


You could see Maggie (mesmerising, ally target), a friendly centaur (summoned)
and a friendly wight (summoned).

Vanquished Creatures
  Sigmund (D:4)
  A water moccasin (D:7)
  2 phantoms (D:5)
  A scorpion (D:5)
  3 orc priests (D:5)
  An iguana (D:4)
  6 orc wizards
  6 adders
  2 ufetubi
  4 worms
  16 orcs
  3 ball pythons (D:4)
  5 bats
  3 endoplasms
  4 giant cockroaches
  6 goblins
  6 hobgoblins
  4 quokkas
  3 frilled lizards
  9 kobolds
  A rat (D:2)
87 creatures vanquished.

Vanquished Creatures (collateral kills)
  A nameless horror (D:7)
1 creature vanquished.

Vanquished Creatures (others)
  A wyvern (D:7)
  496 foxfires
497 creatures vanquished.

Grand Total: 585 creatures vanquished

Notes
Turn   | Place    | Note
-------+----------+-------------------------------------------
     0 | D:1      | holysushi the Djinni Fire Elementalist began the quest for
                  | the Orb.
     0 | D:1      | holysushi set off with the following spells memorised:
                  | Foxfire, Scorch, Kindle Blastsparks, Inner Flame, Flame
                  | Wave.
     0 | D:1      | Reached XP level 1. HP: 15/15 MP: 0/0
   164 | D:1      | Reached XP level 2. HP: 16/21 MP: 0/0
   749 | D:2      | Reached skill level 1 in Fighting
   749 | D:2      | Reached XP level 3. HP: 7/27 MP: 0/0
   749 | D:2      | Learned a level 1 spell: Necrotise
  1784 | D:3      | Reached XP level 4. HP: 27/34 MP: 0/0
  2097 | D:3      | Identified the ring of Liberty {rElec rF+ rC+}
  2160 | D:3      | Found a white marble altar of Elyvilon.
  2665 | D:4      | Reached XP level 5. HP: 34/40 MP: 0/0
  2665 | D:4      | Learned a level 2 spell: Searing Ray
  2861 | D:4      | Noticed Sigmund
  2871 | D:4      | Killed Sigmund
  2872 | D:4      | Reached skill level 4 in Dodging
  2872 | D:4      | Reached XP level 6. HP: 40/47 MP: 0/0
  2990 | D:4      | Reached skill level 5 in Dodging
  3286 | D:5      | Entered Level 5 of the Dungeon
  3344 | D:5      | Gained mutation: Your muscles are strong. (Str +4, Int/Dex
                  | -1) [potion of mutation]
  3353 | D:5      | Reached XP level 7. HP: 26/52 MP: 0/0
  3353 | D:5      | Learned a level 3 spell: Call Canine Familiar
  3487 | D:4      | Reached skill level 6 in Dodging
  3845 | D:5      | Reached skill level 7 in Dodging
  4022 | D:5      | Reached XP level 8. HP: 51/58 MP: 0/0
  4095 | D:5      | Reached skill level 8 in Dodging
  4157 | D:5      | Found a staircase to the Ecumenical Temple.
  4178 | D:5      | Found an opulent altar of Gozag.
  4287 | Temple   | Entered the Ecumenical Temple
  4319 | D:5      | Became a worshipper of Gozag Ym Sagoz the Greedy
  4340 | D:5      | You are sucked into a shaft and drop 2 floors!
  4407 | D:7      | Noticed Maggie
  4430 | D:7      | Noticed a wyvern
  4431 | D:7      | Noticed a nameless horror
  4448 | D:7      | Killed a nameless horror
  4472 | D:7      | Reached skill level 5 in Fighting
  4676 | D:7      | Slain by Maggie

Illustrated notes

Levels and vault maps discovered:
D:1:      saegor_arrival_simple_b, layout_basic
D:2:      layout_loops_cross, minmay_pentomino_r4
D:3:      layout_loops_ring, elyvilon_altar_1, kennysheep_cross_room,
          minmay_misc_feat_room
D:4:      layout_cave_pools, kennysheep_pointless_box, uniq_sigmund
D:5:      layout_loops_ring, grunt_gozag_statues,
          minmay_temple_entry_statues_pillars, serial_glass, glass_columns_c,
          glass_columns_a, glass_columns_a, glass_columns_a, glass_columns_a,
          glass_columns_a, glass_columns_a, glass_columns_c, uniq_edmund
D:7:      layout_basic, serial_undead, serial_undead_f, serial_undead_a,
          serial_undead_a, serial_undead_c, serial_undead_d, grunt_decor_cap,
          minmay_crystal_room, uniq_maggie
Temple:   hellmonk_temple_two_chambers

Skill      XL: |  1  2  3  4  5  6  7  8 |
---------------+-------------------------+-----
Spellcasting   | 3 |  3.0
Fighting       | 1 2 3 4 5 |  5.0
Dodging        | 4 5 7 8 |  8.0
Stealth        | |  1.5

Action                   |  1- 3 |  4- 6 |  7- 9 || total
-------------------------+-------+-------+-------++-------
Melee: Unarmed           |       |       |     2 ||     2
 Cast: Foxfire           |   122 |   114 |    97 ||   333
       Searing Ray       |       |     2 |     6 ||     8
       Scorch            |       |       |     5 ||     5
       Kindle Blastspark |       |       |     2 ||     2
       Call Canine Famil |       |       |     1 ||     1
Evoke: Wand              |       |       |     1 ||     1
  Use: Potion            |       |     4 |     4 ||     8
       Scroll            |       |       |     4 ||     4
Armor: Robe              |     1 |     5 |     1 ||     7
       Skin              |       |       |     2 ||     2
Dodge: Dodged            |     7 |    17 |    24 ||    48

Table legend: (Time is in decaauts)
 A = Elapsed time spent in this place.
 B = Non-inter-level travel time spent in this place.
 C = Inter-level travel time spent in this place.
 D = Time resting spent in this place.
 E = Time spent auto-exploring this place.
 F = Levels seen in this place.
 G = Mean time per level.
                   A        B        C        D        E       F      G
               +--------+--------+--------+--------+--------+-----+--------+
         Total |   4657 |   4456 |    201 |    559 |   2937 |   7 |  665.3 |
       Dungeon |   4639 |   4440 |    199 |    559 |   2937 |   6 |  773.2 |
        Temple |     17 |     16 |      1 |      0 |      0 |   1 |   17.0 |
               +--------+--------+--------+--------+--------+-----+--------+

Top non-repeatable levels by time:
     D:2: 1024 daAuts
     D:3: 1010 daAuts
     D:5: 858 daAuts
     D:1: 714 daAuts
     D:4: 695 daAuts
     D:7: 335 daAuts
  Temple: 17 daAuts
